AoeStats
← Xtreme | ticohzao

African Clearing

505978205Analyzed
4v4 RM · 21d ago on Sep 11, 2026· 32m 1s· 8 players
Game mode
Random Map
Map size
Large (8 player)
Population
200
Speed
Normal
Resources
Standard
Victory
Conquest
Starting age
Dark Age
Ending age
Imperial Age
RankedLock teamsTeams togetherTeam positionsShared explorationLock speedFull tech treeHidden civsTurbo modeCheats
Victory
Defeat
🇺🇸 Vietnamese · United States
1615
+10
🇮🇪 Mongols · Ireland
1480
+15
🇳🇱 Bulgarians · Netherlands
1446
+17
🇬🇧 Portuguese · United Kingdom
1420
+18
🇧🇷 Slavs · Brazil
1505
-17
🇲🇽 Mapuche · Mexico
1483
-16
🇵🇪 Japanese · Peru
1454
-14
🇧🇷 Huns · Brazil
1424
-13
EL MAYA
4:47 Loom
14:57 Feudal Age
19:36 Castle Age
17:29 Fletching
18:06 Double-Bit Axe
18:44 Padded Archer Armor
20:23 Bodkin Arrow
23:44 Bow Saw
24:52 Ballistics
31:14 Town Watch
Xtreme | Rayden
4:59 Loom
12:54 Feudal Age
17:22 Forging
17:46 Scale Barding Armor
27:01 Castle Age
25:59 Double-Bit Axe
28:45 Town Watch
29:36 Fletching
Xtreme | ticohzao
5:10 Loom
13:29 Feudal Age
17:23 Castle Age
15:24 Double-Bit Axe
16:46 Scale Barding Armor
19:30 Forging
22:39 Husbandry
29:01 Chain Barding Armor
CROVERS
11:56 Feudal Age
11:39 Loom
13:40 Double-Bit Axe
14:15 Fletching
22:43 Wheelbarrow
25:10 Castle Age
23:53 Horse Collar
24:42 Padded Archer Armor
33:34 Imperial Age
31:04 Crossbowman
31:51 Gold Mining
Mike'dugai
11:23 Loom
14:30 Feudal Age
16:12 Double-Bit Axe
18:53 Castle Age
21:09 Bow Saw
22:35 Gold Mining
24:01 Stone Mining
30:23 Wheelbarrow
29:33 Town Watch
Hastur
8:20 Loom
12:23 Feudal Age
16:44 Arson
21:28 Castle Age
19:14 Double-Bit Axe
19:43 Scale Mail Armor
20:49 Horse Collar
22:49 Bow Saw
22:52 Gold Mining
22:52 Stone Mining
25:16 Fletching
26:12 Bodkin Arrow
28:15 Town Watch
29:34 Ballistics
Madbun
4:57 Loom
11:30 Feudal Age
12:24 Double-Bit Axe
14:11 Fletching
19:09 Padded Archer Armor
22:57 Castle Age
26:07 Bodkin Arrow
Chris
13:04 Feudal Age
11:22 Loom
13:07 Feudal Age
14:12 Town Watch
17:10 Castle Age
15:19 Double-Bit Axe
15:54 Fletching
16:35 Gold Mining
18:50 Bodkin Arrow
24:07 Padded Archer Armor
28:07 Bloodlines
28:30 Ballistics
28:18 Husbandry
29:50 Wheelbarrow
30:01 Bow Saw
Connection lost

Rejoining the realm…

Still unreachable

The connection could not be restored.

Session expired

The server has moved on; the page needs a fresh start.